 Dungeon Sprint DCSS version 0.26-a0-710-g95a0c6c400 (webtiles) character file.

Game seed: 8736819204569100242

173657 mhtbhm the Swordmaster (level 16, -12/174 HPs)
             Began as a Demonspawn Berserker on Oct 30, 2020.
             Was the Champion of Trog.
             Mangled by Mennas
             ... wielding a +3 eudemon blade of holy wrath
              (13 damage)
             ... in the Dungeon (Sprint IX: "|||||||||||||||||||||||||||||").
             The game lasted 00:15:40 (6199 turns).

mhtbhm the Swordmaster (Demonspawn Berserker)       Turns: 6199, Time: 00:15:41

Health: -12/174    AC: 30    Str: 29    XL:     16   Next: 5%
Magic:  16/16      EV: 15    Int:  8    God:    Trog [******]
Gold:   1667       SH:  0    Dex: 21    Spells: 15/15 levels left

rFire    . . .     SeeInvis +   a - +7 triple sword "Jotiq" {vorpal, rPois rN++ MR- Stlth+}
rCold    + . .     Faith    .   (shield currently unavailable)
rNeg     + + .     Spirit   .   b - +3 plate armour "Sunuiq" {rElec MR+}
rPois    +         Reflect  .   (helmet unavailable)
rElec    +         Harm     .   m - +0 cloak
rCorr    .         Rampage  .   l - +0 pair of gloves
MR       +....     NoTele   +   n - +0 pair of boots
Stlth    +.........             (no amulet)
HPRegen  0.39/turn              I - +6 ring of strength
MPRegen  0.15/turn              E - +4 ring of protection

@: berserk cooldown, slowed, glowing, very slow
A: antennae 3, thin skeletal structure 3, cold resistance 1, powered by death 3,
robust 1
}: 4/17 runes: decaying, serpentine, barnacled, gossamer
a: Berserk, Trog's Hand, Brothers in Arms, Renounce Religion


You were in the Dungeon.
You worshipped Trog.
Trog was exalted by your worship.
You visited 1 branch You collected 1895 gold pieces.
You spent 228 gold pieces at shops.

Inventory:

Hand Weapons
 a - the +7 triple sword "Jotiq" (weapon) {vorpal, rPois rN++ MR- Stlth+}
   (Trog gifted it to you in the Dungeon)

   It inflicts extra damage upon your enemies.
   It protects you from poison.
   It greatly protects you from negative energy.
   It affects your resistance to hostile enchantments.
   It makes you more stealthy.
 J - the +8 great sword of Trog's Righteous Fury {antimagic, rC+ MR+ Str-3 Int+2}
   (Trog gifted it to you in the Dungeon)

   It reduces the magical energy of the wielder, and disrupts the spells and
   magical abilities of those hit.
   Natural abilities and divine invocations are not affected.
   It affects your strength (-3).
   It affects your intelligence (+2).
   It protects you from cold.
   It affects your resistance to hostile enchantments.
Missiles
 f - 31 javelins
 v - 4 silver javelins (quivered)
Armour
 b - the +3 plate armour "Sunuiq" (worn) {rElec MR+}
   (You found it in the Dungeon)

   It insulates you from electricity.
   It affects your resistance to hostile enchantments.
 l - a +0 pair of gloves (worn)
 m - a +0 cloak (worn)
 n - a +0 pair of boots (worn)
 o - a +3 tower shield
 A - +1 pearl dragon scales
 F - a +2 cloak of poison resistance
Jewellery
 x - an uncursed ring of protection from magic
 E - a +4 ring of protection (right hand)
 I - a +6 ring of strength (left hand)
Wands
 k - a wand of acid (1)
 u - a wand of iceblast (9)
 C - a wand of paralysis (12)
Scrolls
 h - 4 scrolls of blinking
 j - 3 scrolls of remove curse
 s - 5 scrolls of enchant armour
 t - 6 scrolls of identify
 w - 4 scrolls of fog
 z - 4 scrolls of enchant weapon
Potions
 c - 5 potions of curing
 d - 10 potions of heal wounds
 e - 4 potions of haste
 g - 2 potions of berserk rage
 i - a potion of invisibility
 q - a potion of mutation
 B - a potion of might


   Skills:
 + Level 24.2 Fighting
 O Level 27 Long Blades
 + Level 10.6 Throwing
 + Level 18.2 Armour
 + Level 9.1 Dodging
 + Level 4.1 Stealth
 + Level 4.9 Unarmed Combat
 + Level 3.7 Evocations


You had 15 spell levels left.
You didn't know any spells.
Your spell library was empty.

Dungeon Overview and Level Annotations

Branches:
Dungeon (1/1)

Altars:
Cheibriados
Dithmenos
Elyvilon
Fedhas
Gozag
Hepliaklqana
Kikubaaqudgha
Makhleb
Nemelex Xobeh
Okawaru
Qazlal
Ru
Sif Muna
Trog
Uskayaw
Vehumet
Wu Jian
Xom
Yredelemnul
Zin
The Shining One
Beogh
Jiyva
Lugonu

Shops:
D :(:?

Annotations:
D Mennas


Innate Abilities, Weirdness & Mutations

You have a pair of large antennae on your head. (SInv)
You have an unnaturally thin skeletal structure. (Dex +6, Stealth++)
Your flesh is cold resistant. (rC+)
You regenerate a lot of health from kills.
You are robust. (+10% HP)


Message History

You bump into the unnaturally hard rock wall.
Mennas hits you but does no damage. x2
Mennas hits you with a +3 eudemon blade of holy wrath!
* * * LOW HITPOINT WARNING * * *
You convulse!
* * * LOW HITPOINT WARNING * * *
Mennas hits you but does no damage.
You feel better. Mennas closely misses you. Mennas hits you but does no damage.
Mennas barely misses you.
You riposte.
You slice Mennas!!
Mennas is moderately wounded.
Mennas barely misses you.
You feel much better. Mennas hits you but does no damage. x2
Mennas hits you with a +3 eudemon blade of holy wrath!!
* * * LOW HITPOINT WARNING * * *
You convulse!!
* * * LOW HITPOINT WARNING * * *
Mennas closely misses you. Mennas barely misses you.
Mennas hits you with a +3 eudemon blade of holy wrath!
You die...

*,*,*,*,*,*,*{▓.♣.♣.▓.▓.▓.▓.▓)▓.▓
*,*,*,*,*,*,*{▓.♣.♣.▓.▓.▓.▓.▓)▓.▓
*,*,*,*,*+*,*{▓.♣.♣.▓.▓.▓.▓.▓.▓.▓
*,*,*,*,*,*,*{▓.♣.♣.▓.▓.▓.▓.▓.▓.▓
*,*,*+*,*,*,*{▓†▓'▓.▓.▓.▓.▓.▓.▓.▓
*,*,*,*,*,*,*+▓.▓.▓.▓.▓.▓.▓.▓.▓.▓
*+*,*,*,*,*,*,▓.▓.▓.▓.▓.▓.▓.▓.▓.▓
*,*,*,*,*,*,*,▓A▓.▓.▓.▓.▓.▓.▓.▓.▓
,,*,,,*,,,*,,,▓.@.▓...▓...▓...▓..
**************▓▓▓▓▓▓▓▓▓▓▓▓▓▓▓▓▓▓▓


You could see Mennas.

Vanquished Creatures
  Boris (D)
  Xtahua (D)
  Nikola (D)
  Kirke (D)
  Agnes (D)
  Ilsuiw (D)
  7 nagarajas (D)
  4 ghost moths (D)
  A frost giant (D)
  4 emperor scorpions (D)
  2 very ugly things (D)
  3 ironheart preservers (D)
  A stone giant (D)
  2 ettins (D)
  2 merfolk javelineers (D)
  4 fire dragons (D)
  3 merfolk impalers (D)
  2 yaktaur captains (D)
  3 great orbs of eyes (D)
  A rakshasa (D)
  3 naga warriors (D)
  2 shambling mangroves (D)
  An ice dragon (D)
  6 hydras (D)
  Erica (D)
  A merfolk avatar (D)
  2 centaur warriors (D)
  An ogre mage (D)
  A death knight (D)
  8 merfolk aquamancers (D)
  2 deep troll shamans (D)
  3 orc high priests (D)
  A shock serpent (D)
  Urug (D)
  A deep elf knight (D)
  A naga sharpshooter (D)
  A shadow wraith (D)
  A sea snake (D)
  A spriggan druid (D)
  An unseen horror (D)
  8 swamp dragons (D)
  3 lindwurms (D)
  A harpy (D)
  2 necromancers (D)
  8 orc knights (D)
  A harpy (shapeshifter) (D)
  A cyclops (D)
  A flayed ghost (D)
  2 mana vipers (D)
  2 wolf spiders (D)
  A moth of wrath (shapeshifter) (D)
  A moth of wrath (D)
  3 manticores (D)
  A vault sentinel (D)
  Psyche (D)
  6 cane toads (D)
  2 guardian serpents (D)
  4 black mambas (D)
  3 yaktaurs (D)
  A freezing wraith (D)
  6 demonic crawlers (D)
  2 polar bears (D)
  2 hornets (D)
  3 jumping spiders (D)
  2 tyrant leeches (D)
  A merfolk (D)
  A troll (D)
  3 slime creatures (D)
  2 snapping turtles (D)
  A redback (D)
  2 wraiths (D)
  A vampire (D)
  2 basilisks (D)
  A hog (D)
  3 nagas (D)
  6 water moccasins (D)
  10 orc warriors (D)
  An ice beast (D)
  A boggart (D)
  4 bullfrogs (D)
  A scorpion (D)
  2 orc wizards (D)
  5 orc priests (D)
  A worker ant (D)
  A gnoll (D)
  An adder zombie (D)
  4 worms (D)
  A dart slug (D)
  A leopard gecko (D)
  10 orcs (D)
  A bat skeleton (D)
  A bat zombie (D)
  A giant cockroach (D)
  A hobgoblin (D)
  A ball python (D)
  A goblin (D)
  A leopard gecko skeleton (D)
  A quokka skeleton (D)
  A quokka zombie (D)
  A rat (D)
227 creatures vanquished.

Vanquished Creatures (collateral kills)
  A very ugly thing (D)
  An ettin (D)
  A spark wasp (D)
  A fire dragon (D)
  A yaktaur captain (D)
  2 orc high priests (D)
  A deep troll shaman (D)
  2 orc knights (D)
10 creatures vanquished.

Vanquished Creatures (others)
  A human (D)
  An insubstantial wisp (D)
2 creatures vanquished.

Grand Total: 239 creatures vanquished

Notes
Turn   | Place    | Note
-------+----------+-------------------------------------------
     0 | D        | mhtbhm the Demonspawn Berserker began the quest for the
                  | Orb.
     0 | D        | Reached XP level 1. HP: 18/18 MP: 1/1
     7 | D        | Reached skill level 3 in Long Blades
    11 | D        | Reached ** piety under Trog
    20 | D        | Banished a spatial maelstrom
   191 | D        | Reached *** piety under Trog
   194 | D        | Gained mutation: You regenerate a little health from kills.
                  | [demonic ancestry]
   194 | D        | Reached XP level 2. HP: 25/25 MP: 2/2
   198 | D        | Reached skill level 4 in Long Blades
   206 | D        | Found a roughly hewn altar of Beogh.
   206 | D        | Found a snail-covered altar of Cheibriados.
   206 | D        | Found a shadowy altar of Dithmenos.
   206 | D        | Found a white marble altar of Elyvilon.
   206 | D        | Found a blossoming altar of Fedhas.
   206 | D        | Found an opulent altar of Gozag.
   207 | D        | Found a hazy altar of Hepliaklqana.
   208 | D        | Found a viscous altar of Jiyva.
   209 | D        | Found an ancient bone altar of Kikubaaqudgha.
   210 | D        | Found a corrupted altar of Lugonu.
   211 | D        | Found a burning altar of Makhleb.
   212 | D        | Found a sparkling altar of Nemelex Xobeh.
   213 | D        | Found an iron altar of Okawaru.
   214 | D        | Found a stormy altar of Qazlal.
   215 | D        | Found a sacrificial altar of Ru.
   216 | D        | Found a shimmering blue altar of Sif Muna.
   217 | D        | Found a bloodstained altar of Trog.
   218 | D        | Found a hide-covered altar of Uskayaw.
   219 | D        | Found a radiant altar of Vehumet.
   220 | D        | Found an ornate altar of the Wu Jian Council.
   221 | D        | Found a shimmering altar of Xom.
   222 | D        | Found a basalt altar of Yredelemnul.
   223 | D        | Found a glowing silver altar of Zin.
   224 | D        | Found a glowing golden altar of the Shining One.
   281 | D        | Noticed a vampire
   281 | D        | Noticed a scorpion
   281 | D        | Noticed an orc warrior
   289 | D        | Killed a vampire
   289 | D        | Reached **** piety under Trog
   289 | D        | Reached skill level 6 in Long Blades
   289 | D        | Gained mutation: You have a pair of small antennae on your
                  | head. [demonic ancestry]
   289 | D        | Reached XP level 3. HP: 31/36 MP: 3/3
   289 | D        | Gained mutation: You have a pair of antennae on your head.
                  | [demonic ancestry]
   289 | D        | Reached XP level 4. HP: 37/43 MP: 4/4
   289 | D        | Gained mutation: Your flesh is cold resistant. (rC+)
                  | [demonic ancestry]
   289 | D        | Reached XP level 5. HP: 42/48 MP: 5/5
   290 | D        | Reached skill level 7 in Long Blades
   299 | D        | Killed an orc warrior
   299 | D        | Reached skill level 8 in Long Blades
   299 | D        | Reached XP level 6. HP: 31/57 MP: 6/6
   302 | D        | Reached ***** piety under Trog
   433 | D        | Noticed a wraith
   444 | D        | Killed a wraith
   444 | D        | Reached skill level 9 in Long Blades
   444 | D        | Reached skill level 5 in Armour
   444 | D        | Reached XP level 7. HP: 64/64 MP: 7/7
   658 | D        | Noticed a black mamba
   658 | D        | Noticed a cane toad
   666 | D        | Received a gift from Trog
   670 | D        | Killed a black mamba
   670 | D        | Reached skill level 10 in Fighting
   670 | D        | Reached skill level 10 in Long Blades
   670 | D        | Reached skill level 5 in Dodging
   672 | D        | Reached XP level 8. HP: 74/74 MP: 8/8
   675 | D        | Noticed a cane toad
   676 | D        | Killed a cane toad
   676 | D        | Reached skill level 11 in Long Blades
   685 | D        | Reached ****** piety under Trog
   692 | D        | Reached skill level 12 in Long Blades
   696 | D        | Killed a cane toad
   699 | D        | Gained mutation: You have a somewhat thin skeletal
                  | structure. (Dex +2, Stealth) [demonic ancestry]
   699 | D        | Reached XP level 9. HP: 81/82 MP: 9/9
   734 | D        | Noticed a cane toad
   743 | D        | Noticed a polar bear
   748 | D        | Reached skill level 13 in Long Blades
   752 | D        | Killed a cane toad
   789 | D        | Noticed a polar bear
   794 | D        | Received a gift from Trog
   803 | D        | Killed a polar bear
   808 | D        | Killed a polar bear
   808 | D        | Reached skill level 14 in Long Blades
   922 | D        | Noticed a lindwurm
   922 | D        | Noticed a tyrant leech
   922 | D        | Noticed a lindwurm
   923 | D        | Noticed a lindwurm
   929 | D        | Killed a lindwurm
   933 | D        | Killed a tyrant leech
   933 | D        | Gained mutation: You have a pair of large antennae on your
                  | head. (SInv) [demonic ancestry]
   933 | D        | Reached XP level 10. HP: 92/92 MP: 10/10
   945 | D        | Killed a lindwurm
   945 | D        | Reached skill level 15 in Long Blades
   946 | D        | Received a gift from Trog
   953 | D        | Killed a lindwurm
  1271 | D        | Got a dazzling triple sword {god gift}
  1272 | D        | Identified the +7 triple sword "Jotiq" {vorpal, rPois rN++
                  | MR- Stlth+} (Trog gifted it to you in the Dungeon)
  1353 | D        | Noticed Psyche
  1362 | D        | Killed Psyche
  1385 | D        | Noticed Urug
  1393 | D        | Killed Urug
  1393 | D        | Reached skill level 1 in Evocations
  1604 | D        | Noticed an orc knight
  1610 | D        | Killed an orc knight
  1610 | D        | Reached skill level 16 in Long Blades
  1616 | D        | Received a gift from Trog
  1626 | D        | Received a gift from Trog
  1780 | D        | Noticed an orc knight
  1791 | D        | Received a gift from Trog
  1796 | D        | Killed an orc knight
  1799 | D        | Reached skill level 10 in Armour
  1808 | D        | Gained mutation: You regenerate health from kills. [demonic
                  | ancestry]
  1808 | D        | Reached XP level 11. HP: 90/101 MP: 11/11
  1814 | D        | Received a gift from Trog
  1844 | D        | Found Kaed's Book Emporium.
  1844 | D        | Noticed an orc knight
  1844 | D        | Noticed an orc knight
  1844 | D        | Noticed an orc knight
  1844 | D        | Noticed an orc knight
  1844 | D        | Noticed an orc high priest
  1846 | D        | Noticed an orc high priest
  1851 | D        | Killed an orc knight
  1852 | D        | Found Biogoukk's Antique Weapon Shoppe.
  1852 | D        | Noticed an orc knight
  1856 | D        | Killed an orc knight
  1856 | D        | Reached skill level 1 in Stealth
  1859 | D        | Killed an orc knight
  1859 | D        | Reached skill level 17 in Long Blades
  1864 | D        | Noticed a sixfirhy
  1865 | D        | Killed an orc knight
  1868 | D        | Killed an orc high priest
  1868 | D        | Received a gift from Trog
  1868 | D        | Reached skill level 1 in Throwing
  1879 | D        | Noticed a sun demon
  1883 | D        | Killed an orc high priest
  1885 | D        | Killed an orc knight
  1961 | D        | Noticed an orc knight
  1971 | D        | Killed an orc knight
  1971 | D        | Reached skill level 15 in Fighting
  1987 | D        | Noticed an orc knight
  1994 | D        | Killed an orc knight
  2036 | D        | Noticed an orc high priest
  2043 | D        | Noticed an orc high priest
  2046 | D        | Killed an orc high priest
  2046 | D        | Reached skill level 18 in Long Blades
  2049 | D        | Noticed an orc knight
  2051 | D        | Killed an orc high priest
  2056 | D        | Killed an orc knight
  2059 | D        | Found Jatogiow's Book Emporium.
  2236 | D        | Found Dewis's Magic Scroll Shoppe.
  2242 | D        | Noticed an orc high priest
  2249 | D        | Killed an orc high priest
  2249 | D        | Received a gift from Trog
  2268 | D        | Bought a scroll of identify for 24 gold pieces
  2268 | D        | Bought a scroll of enchant armour for 90 gold pieces
  2268 | D        | Bought a scroll of identify for 24 gold pieces
  2268 | D        | Bought a scroll of fog for 24 gold pieces
  2268 | D        | Bought a scroll of magic mapping for 42 gold pieces
  2268 | D        | Bought a scroll of identify for 24 gold pieces
  2470 | D        | Noticed an ogre mage
  2470 | D        | Noticed an unseen horror
  2473 | D        | Killed an ogre mage
  2483 | D        | Noticed a harpy
  2484 | D        | Killed an unseen horror
  2485 | D        | Noticed a fire dragon
  2488 | D        | Reached skill level 19 in Long Blades
  2489 | D        | Noticed a great orb of eyes
  2490 | D        | Killed a harpy
  2490 | D        | Received a gift from Trog
  2490 | D        | Gained mutation: You are robust. (+10% HP) [demonic
                  | ancestry]
  2490 | D        | Reached XP level 12. HP: 121/121 MP: 12/12
  2495 | D        | Noticed a yaktaur captain
  2496 | D        | Killed a fire dragon
  2499 | D        | Noticed a deep troll shaman
  2500 | D        | Killed a great orb of eyes
  2500 | D        | Noticed a yaktaur captain
  2507 | D        | Noticed a deep troll shaman
  2508 | D        | Killed a yaktaur captain
  2510 | D        | Killed a deep troll shaman
  2519 | D        | Killed a yaktaur captain
  2519 | D        | Reached skill level 20 in Long Blades
  2524 | D        | Killed a deep troll shaman
  2912 | D        | Noticed a ghost moth
  2912 | D        | Noticed a ghost moth
  2917 | D        | Killed a ghost moth
  2917 | D        | Received a gift from Trog
  2923 | D        | Killed a ghost moth
  2937 | D        | Received a gift from Trog
  2979 | D        | Noticed a naga warrior
  2991 | D        | Killed a naga warrior
  2995 | D        | Reached skill level 21 in Long Blades
  3003 | D        | Gained mutation: You have a moderately thin skeletal
                  | structure. (Dex +4, Stealth+) [demonic ancestry]
  3003 | D        | Reached XP level 13. HP: 85/132 MP: 3/13
  3086 | D        | Noticed a merfolk impaler
  3088 | D        | Received a gift from Trog
  3108 | D        | Killed a merfolk impaler
  3108 | D        | Received a gift from Trog
  3295 | D        | Received a gift from Trog
  3300 | D        | Reached skill level 22 in Long Blades
  3560 | D        | Noticed Erica
  3560 | D        | Paralysed by Erica for 2 turns
  3566 | D        | Killed Erica
  3566 | D        | Received a gift from Trog
  3609 | D        | Noticed Kirke
  3611 | D        | Reached skill level 5 in Throwing
  3628 | D        | Killed Kirke
  3628 | D        | Reached skill level 1 in Unarmed Combat
  3634 | D        | Noticed Agnes
  3638 | D        | Killed Agnes
  3740 | D        | Noticed a cyan very ugly thing
  3740 | D        | Noticed a purple very ugly thing
  3740 | D        | Noticed a fire dragon
  3740 | D        | Noticed an ettin
  3740 | D        | Noticed a spark wasp
  3744 | D        | Noticed a stone giant
  3745 | D        | Killed a cyan very ugly thing
  3745 | D        | Received a gift from Trog
  3750 | D        | Killed a cyan very ugly thing
  3752 | D        | Killed a fire dragon
  3752 | D        | Killed an ettin
  3758 | D        | Killed a spark wasp
  3908 | D        | Killed a stone giant
  3925 | D        | Noticed a frost giant
  3929 | D        | Killed a frost giant
  3929 | D        | Received a gift from Trog
  3940 | D        | Gained mutation: You have an unnaturally thin skeletal
                  | structure. (Dex +6, Stealth++) [demonic ancestry]
  3940 | D        | Reached XP level 14. HP: 134/144 MP: 14/14
  3946 | D        | Got an ancient great sword {god gift}
  3947 | D        | Identified the +9 great sword of a Labyrinth {vorpal, *Slow
                  | rC+++ MR- Dex+9} (Trog gifted it to you in the Dungeon)
  3970 | D        | Noticed a cyan very ugly thing
  3982 | D        | Killed a cyan very ugly thing
  3982 | D        | Reached skill level 23 in Long Blades
  4394 | D        | Received a gift from Trog
  4576 | D        | Noticed an ironheart preserver
  4576 | D        | Noticed an ironheart preserver
  4580 | D        | Killed an ironheart preserver
  4580 | D        | Received a gift from Trog
  4580 | D        | Reached skill level 15 in Armour
  4584 | D        | Killed an ironheart preserver
  4592 | D        | Received a gift from Trog
  4613 | D        | Reached skill level 24 in Long Blades
  4623 | D        | Received a gift from Trog
  4625 | D        | Noticed an ironheart preserver
  4643 | D        | Killed an ironheart preserver
  4643 | D        | Received a gift from Trog
  4829 | D        | Noticed Boris
  4840 | D        | Killed Boris
  5124 | D        | Got the +3 plate armour "Sunuiq" {rElec MR+}
  5219 | D        | Noticed Nikola
  5241 | D        | Killed Nikola
  5343 | D        | Noticed a nagaraja
  5343 | D        | Noticed a nagaraja
  5343 | D        | Noticed a nagaraja
  5343 | D        | Noticed a nagaraja
  5346 | D        | Killed a nagaraja
  5346 | D        | Received a gift from Trog
  5346 | D        | Reached skill level 25 in Long Blades
  5347 | D        | Noticed a nagaraja
  5350 | D        | Noticed a nagaraja
  5352 | D        | Killed a nagaraja
  5352 | D        | Reached XP level 15. HP: 112/158 MP: 15/15
  5352 | D        | Noticed a nagaraja
  5354 | D        | Killed a nagaraja
  5354 | D        | Received a gift from Trog
  5355 | D        | Killed a nagaraja
  5359 | D        | Killed a nagaraja
  5366 | D        | Killed a nagaraja
  5366 | D        | Received a gift from Trog
  5369 | D        | Killed a nagaraja
  5394 | D        | Got a serpentine rune of Zot
  5407 | D        | Got a twisted great sword {god gift}
  5408 | D        | Identified the +8 great sword of Trog's Righteous Fury
                  | {antimagic, rC+ MR+ Str-3 Int+2} (Trog gifted it to you in
                  | the Dungeon)
  5488 | D        | Noticed Ilsuiw
  5506 | D        | Killed Ilsuiw
  5506 | D        | Received a gift from Trog
  5508 | D        | Reached skill level 26 in Long Blades
  5519 | D        | Received a gift from Trog
  5529 | D        | Received a gift from Trog
  5552 | D        | Got a barnacled rune of Zot
  5855 | D        | Noticed a ghost moth
  5858 | D        | Killed a ghost moth
  5858 | D        | Reached skill level 10 in Throwing
  5858 | D        | Noticed a ghost moth
  5865 | D        | Received a gift from Trog
  5880 | D        | Killed a ghost moth
  5900 | D        | Received a gift from Trog
  5909 | D        | Got a gossamer rune of Zot
  6105 | D        | Received a gift from Trog
  6123 | D        | Received a gift from Trog
  6131 | D        | Got a decaying rune of Zot
  6135 | D        | Got a masterwork great sword {god gift}
  6136 | D        | Identified the +9 great sword of Etaruab {vorpal, rN+}
                  | (Trog gifted it to you in the Dungeon)
  6169 | D        | Noticed Xtahua
  6171 | D        | Noticed Mennas
  6177 | D        | Killed Xtahua
  6177 | D        | Reached skill level 27 in Long Blades
  6177 | D        | Gained mutation: You regenerate a lot of health from kills.
                  | [demonic ancestry]
  6177 | D        | Reached XP level 16. HP: 172/174 MP: 16/16
  6196 | D        | HP: 8/174 [Mennas/+3 eudemon blade of holy wrath (7)]
  6198 | D        | HP: 1/174 [Mennas/+3 eudemon blade of holy wrath (22)]
  6199 | D        | Mangled by Mennas

Illustrated notes

Levels and vault maps discovered:
D:        linesprint [early_d, line_temple, items_1, d_10, items_2, lair_1,
          lair_end, items_3, orc_1, orc_end, items_4, d_15, swamp_1, shoals_1,
          snake_1, spider_1, d_20, vaults_1, items_5, swamp_end, shoals_end,
          snake_end, spider_end, vaults_end, d_27, items_6, zot_1, zot_end,
          crypt_end, forest_end, elf_end, slime_end, tomb_end, abyss_end,
          pan_hell_end]

Skill      XL: |  1  2  3  4  5  6  7  8  9 10 11 12 13 14 15 |
---------------+----------------------------------------------+-----
Long Blades    | 3 6 8 9 10 12 14 16 19 21 22 25 27 | 27.0
Dodging        | 2 3 4 5 6 7 8 9 |  9.1
Armour         | 2 3 4 5 6 7 8 10 11 13 14 15 18 | 18.2
Fighting       | 4 7 8 9 10 11 13 14 15 17 18 21 24 | 24.2
Evocations     | 1 2 3 |  3.7
Stealth        | 1 2 3 4 |  4.1
Throwing       | 1 2 6 8 10 | 10.6
Unarmed Combat | 4 |  4.9

Action                   |  1- 3 |  4- 6 |  7- 9 | 10-12 | 13-15 | 16-18 || total
-------------------------+-------+-------+-------+-------+-------+-------++-------
Melee: Falchion          |    19 |       |       |       |       |       ||    19
       Scimitar          |     7 |    17 |    83 |    24 |       |       ||   131
       Triple sword      |       |       |       |   165 |   327 |    11 ||   503
       Unarmed           |       |       |       |       |    14 |       ||    14
Throw: Javelin           |       |       |       |     8 |    41 |       ||    49
Invok: Berserk           |     3 |     1 |     3 |     7 |    12 |       ||    26
       Brothers in Arms  |       |       |       |     3 |     1 |       ||     4
Evoke: Wand              |       |       |       |     8 |     1 |       ||     9
  Use: Scroll            |       |       |       |     2 |       |       ||     2
       Potion            |       |       |       |     1 |     1 |     2 ||     4
Armor: Chain mail        |     4 |     2 |    19 |    70 |    56 |       ||   151
       Plate armour      |       |       |       |       |   129 |    21 ||   150
Dodge: Dodged            |     5 |     8 |    45 |   120 |   244 |    10 ||   432
       Rpst.: Falchion   |     3 |       |       |       |       |       ||     3
       Scimitar          |       |     3 |    15 |     3 |       |       ||    21
       Triple sword      |       |       |       |    29 |    47 |     1 ||    77

Table legend: (Time is in decaauts)
 A = Elapsed time spent in this place.
 B = Non-inter-level travel time spent in this place.
 C = Inter-level travel time spent in this place.
 D = Time resting spent in this place.
 E = Time spent auto-exploring this place.
 F = Levels seen in this place.
 G = Mean time per level.
                   A        B        C        D        E       F      G
               +--------+--------+--------+--------+--------+-----+--------+
         Total |   6290 |   6290 |      0 |   3560 |    269 |   1 | 6290.0 |
       Dungeon |   6290 |   6290 |      0 |   3560 |    269 |   1 | 6290.0 |
               +--------+--------+--------+--------+--------+-----+--------+

Top non-repeatable levels by time:
       D: 6290 daAuts
